AoeStats
← Shame Thrower

Arabia

509986966Analyzed
1v1 RM · 3d ago on Sep 28, 2026· 20m 23s· 2 players
Game mode
Random Map
Map size
Tiny (2 player)
Population
200
Speed
Normal
Resources
Standard
Victory
Conquest
Starting age
Dark Age
Ending age
Imperial Age
RankedLock teamsTeams togetherTeam positionsShared explorationLock speedFull tech treeHidden civsTurbo modeCheats
Victory
Defeat
🇰🇿 Persians · Kazakhstan
1159
+15
🇺🇸 Armenians · United States
1140
-17
Shame Thrower
5:50 Loom
10:10 Feudal Age
10:50 Double-Bit Axe
10:48 Man-at-Arms
12:48 Long Swordsman
19:41 Wheelbarrow
22:50 Castle Age
jamakucky
6:40 Loom
10:37 Feudal Age
11:14 Double-Bit Axe
12:54 Fletching
14:06 Padded Archer Armor
Connection lost

Rejoining the realm…

Still unreachable

The connection could not be restored.

Session expired

The server has moved on; the page needs a fresh start.